 Dungeon Crawl Stone Soup version 0.23.2-1-ga50397a6bc (webtiles) character file.

Game seed: 11649555227883465556

32260 Mrkan the Grappler (level 13, -1/135 HPs)
             Began as a Troll Monk on May 19, 2019.
             Was the Champion of Okawaru.
             Slain by an eight-headed hydra (10 damage)
             ... on level 2 of the Lair of Beasts.
             The game lasted 00:33:41 (11990 turns).

Mrkan the Grappler (Troll Monk)                    Turns: 11990, Time: 00:33:42

Health: -1/135     AC: 26    Str: 26 (29) XL:     13   Next: 30%
Magic:  19/19      EV: 12    Int:  5 (6)  God:    Okawaru [******]
Gold:   1320       SH:  0    Dex: 12      Spells: 12/12 levels left

rFire    . . .     SeeInvis .   U - +7 flail of Valiance {protect, Str+3}
rCold    . . .     Gourm    +   (no shield)
rNeg     + . .     Faith    .   z - +3 pearl dragon scales
rPois    .         Spirit   .   (helmet restricted)
rElec    .         Reflect  .   O - scarf {repulsion}
rCorr    .         Harm     .   (gloves unavailable)
MR       .....                  (boots unavailable)
Stlth    ..........             e - amulet of regeneration
HPRegen  1.12/turn              g - +3 ring of evasion
MPRegen  0.16/turn              (no ring)

@: protection aura, repel missiles
A: large, unfitting armour, claws 3, fast metabolism 3, gourmand, regeneration
1, shaggy fur 1, tough skin 3
a: Heroism, Finesse, Renounce Religion


You were on level 2 of the Lair of Beasts.
You worshipped Okawaru.
Okawaru was exalted by your worship.
You were not hungry.

You visited 2 branches of the dungeon, and saw 15 of its levels.

You collected 1320 gold pieces.

Inventory:

Hand Weapons
 i - a +1 whip of electrocution
 A - a +0 dire flail of protection
 E - a +4 triple crossbow of freezing
 F - a +9 morningstar of crushing
 G - a +2 whip of electrocution
 T - a +4 longbow of flaming
 U - the +7 flail of Valiance (weapon) {protect, Str+3}
   (You found it on level 2 of the Lair of Beasts)

   It protects the one who uses it against injury (+AC on strike).
   It affects your strength (+3).
Missiles
 y - 4 large rocks (quivered)
Armour
 z - +3 pearl dragon scales (worn)
 O - a scarf of repulsion (worn)
 P - +0 ice dragon scales
 Y - the +0 robe of the Rose {rN+++ Regen+ Int-2 Dex+9, unknown}
   (Okawaru gifted it to you on level 4 of the Lair of Beasts)

   It affects your intelligence (-2).
   It affects your dexterity (+9).
   It renders you almost immune to negative energy.
   It increases your rate of regeneration.
Jewellery
 a - an uncursed amulet of faith {unknown}
 e - an amulet of regeneration (around neck)
 g - a +3 ring of evasion (left claw)
 s - an uncursed ring of resist corrosion
 S - a cursed amulet of inaccuracy {unknown}
Wands
 f - a wand of digging (5)
 h - a wand of flame (32)
 r - a wand of enslavement (7)
 B - a wand of acid (7)
 C - a wand of polymorph (10)
 L - a wand of iceblast (5)
 M - a wand of disintegration (10)
Scrolls
 c - 4 scrolls of enchant weapon
 d - 4 scrolls of magic mapping
 j - 2 scrolls of random uselessness
 m - 4 scrolls of blinking
 n - 6 scrolls of teleportation
 p - 2 scrolls of immolation
 w - 8 scrolls of remove curse
 D - a scroll of fear
 H - 3 scrolls of noise {unknown}
 I - 2 scrolls of summoning {unknown}
 K - a scroll of holy word {unknown}
 N - a scroll of amnesia {unknown}
 Q - 3 scrolls of identify
 V - a scroll of enchant armour
 W - a scroll of fog {unknown}
 X - a scroll of vulnerability {unknown}
Potions
 k - 2 potions of degeneration
 l - 3 potions of agility
 o - a potion of lignification {unknown}
 q - 3 potions of haste
 t - 2 potions of magic {unknown}
 u - 4 potions of curing
 v - 2 potions of brilliance
 J - 2 potions of mutation {unknown}
 R - 2 potions of might {unknown}
Comestibles
 b - 21 rations


   Skills:
 + Level 10.6 Fighting
 + Level 5.5 Armour
 - Level 2.4 Dodging
 - Level 1.0 Stealth
 - Level 14.3 Unarmed Combat
 + Level 10.2 Invocations


You had 12 spell levels left.
You didn't know any spells.
Your spell library contained the following spells:

 Spells                   Type           Power        Failure   Level  Hunger
 Animate Skeleton         Necr           N/A          80%         1    ##.....
 Freeze                   Ice            #...         80%         1    ##.....
 Magic Dart               Conj           #...         80%         1    ##.....
 Pain                     Necr           #...         80%         1    ##.....
 Sting                    Conj/Pois      #...         80%         1    ##.....
 Summon Small Mammal      Summ           #...         80%         1    ##.....
 Call Imp                 Summ           #.......     90%         2    ###....
 Poisonous Vapours        Pois/Air       #.....       90%         2    ###....
 Searing Ray              Conj           #.....       90%         2    ###....
 Throw Frost              Conj/Ice       #.....       90%         2    ###....
 Call Canine Familiar     Summ           #.......     99%         3    ####...
 Dazzling Spray           Conj/Hex       #.....       99%         3    ####...
 Mephitic Cloud           Conj/Pois/Air  #.......     99%         3    ####...
 Ozocubu's Armour         Chrm/Ice       #.......     99%         3    ####...
 Regeneration             Chrm/Necr      #.........   99%         3    ####...
 Summon Guardian Golem    Hex/Summ       #.......     99%         3    ####...
 Vampiric Draining        Necr           #.........   99%         3    ####...
 Animate Dead             Necr           N/A          100%        4    #####..
 Force Lance              Conj/Tloc      #.......     100%        4    #####..
 Fulminant Prism          Conj/Hex       #.........   100%        4    #####..
 Iskenderun's Mystic Bla  Conj           #.......     100%        4    #####..
 Olgreb's Toxic Radiance  Pois           #.......     100%        4    #####..
 Summon Ice Beast         Ice/Summ       #.......     100%        4    #####..
 Summon Lightning Spire   Summ/Air       #.......     100%        4    #####..
 Throw Icicle             Conj/Ice       #.......     100%        4    #####..
 Silence                  Hex/Air        #.........   100%        5    ######.
 Venom Bolt               Conj/Pois      #.........   100%        5    ######.
 Conjure Ball Lightning   Conj/Air       #.........   100%        6    #######
 Deflect Missiles         Chrm/Air       #.........   100%        6    #######
 Tornado                  Air            #.........   100%        9    #######


Dungeon Overview and Level Annotations

Branches:
Dungeon (11/15)            Temple (0/1) D:7            Lair (4/6) D:11
 Shoals (0/4) Lair:4        Snake (0/4) Lair:3
    Orc: D:9-12

Altars:
Ashenzari
Okawaru
Sif Muna
Xom
Yredelemnul
Zin
The Shining One

Annotations:
D:4 2 transporters, Jabberih's ghost, amateur DrFE
Lair:3 Urug


Innate Abilities, Weirdness & Mutations

You are too large for most types of armour.
You have claws for hands.
Your metabolism is lightning-fast.
You like to eat raw meat.
Your natural rate of healing is unusually fast.
You are covered in fur. (AC +1)
You have extremely tough skin. (AC +3)


Message History

The eight-headed hydra is heavily wounded.
The eight-headed hydra bites you!
* * * LOW HITPOINT WARNING * * *
The eight-headed hydra bites you but does no damage.
The eight-headed hydra bites you.
* * * LOW HITPOINT WARNING * * *
The eight-headed hydra bites you but does no damage.
The eight-headed hydra closely misses you.
The eight-headed hydra bites you but does no damage.
The eight-headed hydra bites you.
* * * LOW HITPOINT WARNING * * *
The eight-headed hydra bites you!
* * * LOW HITPOINT WARNING * * *
You feel better.
The eight-headed hydra bites you but does no damage. x5
The eight-headed hydra bites you!
* * * LOW HITPOINT WARNING * * *
The eight-headed hydra barely misses you.
The eight-headed hydra bites you!
You die...

....### #........#
....# ##.).....# ....#
#........# ..#.###
###.##P### .###..#
#.P### ....### #..##
....# ##...## ....####
#PP.D.#### ....#P.#
#....@.[.##
.......#####.......#.#
....P.....#.........##
....#.###.P.........##
....### #............#
.....# #P##.<.....###
....P# #####+..[.##
....## #..P### .#.#.#
##..#.#


You could see an eight-headed hydra.

Vanquished Creatures
  Kirke (Lair:3)
  A hydra (Lair:3)
  4 two-headed ogres
  A death knight (D:11)
  A tengu warrior (D:11)
  A skeletal warrior (D:11)
  An unseen horror (D:10)
  2 phantasmal warriors (D:11)
  Pikel (D:7)
  An ugly thing (D:10)
  Joseph (D:7)
  An elephant (D:11)
  3 merfolk sirens (Lair:4)
  2 black mambas
  9 spiny frogs
  A gargoyle (D:9)
  A rime drake (Lair:2)
  7 komodo dragons
  A merfolk (Lair:4)
  A troll (D:11)
  Grinder (D:4)
  2 polar bears
  3 blink frogs (Lair:2)
  Prince Ribbit (D:5)
  4 hippogriffs
  A spriggan (D:7)
  A wraith (D:11)
  29 yaks
  A hog (Lair:4)
  A basilisk (D:11)
  2 vampire mosquitoes (D:10)
  Menkaure (D:5)
  A naga (Lair:3)
  10 water moccasins
  8 porcupines
  2 sky beasts (D:5)
  A slave (D:7)
  3 orc warriors
  5 black bears
  An ice beast (D:10)
  5 ogres
  9 wolves
  2 necrophages
  2 centaurs
  8 crocodiles
  2 big kobolds (D:9)
  11 bullfrogs
  A wyvern zombie (D:6)
  4 scorpions
  3 wights (D:9)
  9 killer bees
  3 howler monkeys (D:8)
  2 electric eels (Lair:1)
  A centaur zombie (D:7)
  12 crimson imps
  6 hounds
  A bullfrog zombie (D:6)
  6 orc priests
  A jelly (D:9)
  A bullfrog skeleton (D:11)
  2 centaur skeletons
  4 iguanas
  Jessica (D:2)
  7 orc wizards
  5 worker ants
  A hound zombie (D:9)
  A hound skeleton (D:9)
  Robin (D:2)
  2 worker ant zombies
  14 adders
  4 gnolls (D:7)
  2 shadow imps
  A white imp (D:8)
  2 oozes
  An adder skeleton (D:6)
  A worm (D:5)
  A dart slug (D:1)
  5 leopard geckos
  25 orcs
  A ball python (D:2)
  7 bats
  3 giant cockroaches
  20 goblins
  5 hobgoblins
  8 jackals
  5 quokkas
  4 frilled lizards
  A jackal zombie (D:7)
  12 kobolds
  A leopard gecko skeleton (D:8)
  A leopard gecko zombie (D:5)
  7 rats
  2 fungi
  A plant (D:11)
366 creatures vanquished.

Vanquished Creatures (others)
  10 fungi
  6 plants (Lair:4)
16 creatures vanquished.

Grand Total: 382 creatures vanquished

Notes
Turn   | Place    | Note
-------+----------+-------------------------------------------
     0 | D:1      | Mrkan the Troll Monk began the quest for the Orb.
     0 | D:1      | Reached XP level 1. HP: 22/22 MP: 0/0
   124 | D:1      | Reached XP level 2. HP: 29/29 MP: 1/1
   230 | D:1      | Reached XP level 3. HP: 36/36 MP: 2/2
   564 | D:2      | Found a faded altar of an unknown god.
   630 | D:2      | Reached skill level 4 in Unarmed Combat
   653 | D:2      | Reached XP level 4. HP: 30/45 MP: 3/3
   656 | D:2      | Noticed Robin
   664 | D:2      | Killed Robin
   736 | D:2      | Noticed Jessica
   743 | D:2      | Killed Jessica
  1104 | D:2      | Found a deep blue altar of Sif Muna.
  1380 | D:3      | Reached skill level 5 in Unarmed Combat
  1406 | D:3      | Reached XP level 5. HP: 36/53 MP: 4/4
  1966 | D:4      | Noticed an ogre
  1990 | D:4      | Killed an ogre
  1998 | D:4      | Reached XP level 6. HP: 49/62 MP: 5/5
  2047 | D:4      | Reached skill level 6 in Unarmed Combat
  2242 | D:4      | Found a transporter.
  2293 | D:4      | Noticed Jabberih's ghost (amateur DrFE)
  2361 | D:4      | Found a transporter.
  2463 | D:4      | Noticed Grinder
  2476 | D:4      | Killed Grinder
  2476 | D:4      | Reached skill level 7 in Unarmed Combat
  2476 | D:4      | Reached XP level 7. HP: 38/71 MP: 6/6
  2784 | D:5      | Entered Level 5 of the Dungeon
  2784 | D:5      | Found a shimmering altar of Xom.
  2784 | D:5      | Found an iron altar of Okawaru.
  2784 | D:5      | Noticed Prince Ribbit
  2789 | D:5      | Found a shattered altar of Ashenzari.
  2792 | D:5      | Became a worshipper of Warmaster Okawaru
  2792 | D:5      | Reached * piety under Okawaru
  2792 | D:5      | Reached ** piety under Okawaru
  2796 | D:5      | Killed Prince Ribbit
  2804 | D:5      | Reached skill level 5 in Fighting
  2804 | D:5      | Reached skill level 8 in Unarmed Combat
  2919 | D:5      | Noticed Menkaure
  2923 | D:5      | Killed Menkaure
  2923 | D:5      | Reached skill level 1 in Invocations
  2923 | D:5      | Reached XP level 8. HP: 42/80 MP: 7/7
  3189 | D:5      | Found a basalt altar of Yredelemnul.
  3686 | D:6      | Reached skill level 9 in Unarmed Combat
  3703 | D:6      | Reached *** piety under Okawaru
  4353 | D:7      | Reached XP level 9. HP: 84/89 MP: 10/10
  4462 | D:7      | Found a staircase to the Ecumenical Temple.
  4690 | D:7      | Found a glowing silver altar of Zin.
  4776 | D:7      | Reached skill level 10 in Unarmed Combat
  4796 | D:7      | Noticed Joseph
  5018 | D:7      | Killed Joseph
  5018 | D:7      | Reached **** piety under Okawaru
  5265 | D:7      | Noticed Pikel
  5276 | D:7      | Killed Pikel
  5370 | D:8      | Reached skill level 11 in Unarmed Combat
  5505 | D:8      | Reached ***** piety under Okawaru
  5677 | D:8      | Received a gift from Okawaru
  5683 | D:8      | Reached XP level 10. HP: 100/100 MP: 12/12
  5696 | D:8      | Reached skill level 5 in Invocations
  5946 | D:9      | Noticed a two-headed ogre
  5961 | D:9      | Killed a two-headed ogre
  5961 | D:9      | Received a gift from Okawaru
  6047 | D:9      | Noticed a two-headed ogre
  6060 | D:9      | Killed a two-headed ogre
  6061 | D:9      | Reached skill level 12 in Unarmed Combat
  6272 | D:9      | Noticed a two-headed ogre
  6283 | D:9      | Killed a two-headed ogre
  6286 | D:9      | Noticed a gargoyle
  6288 | D:9      | Reached XP level 11. HP: 95/111 MP: 14/14
  6400 | D:9      | Found a basalt altar of Yredelemnul.
  6854 | D:9      | Reached skill level 13 in Unarmed Combat
  6935 | D:10     | Entered Level 10 of the Dungeon
  7390 | D:10     | Killed an unseen horror
  7390 | D:10     | Received a gift from Okawaru
  7408 | D:10     | Noticed a purple ugly thing
  7417 | D:10     | Killed a purple ugly thing
  7495 | D:10     | Noticed a two-headed ogre
  7502 | D:10     | Killed a two-headed ogre
  7620 | D:10     | Found a glowing golden altar of the Shining One.
  7829 | D:11     | Noticed a tengu warrior
  7845 | D:11     | Killed a tengu warrior
  7986 | D:11     | Found a staircase to the Lair.
  8042 | D:11     | Reached skill level 14 in Unarmed Combat
  8339 | D:11     | Noticed a skeletal warrior
  8354 | D:11     | Noticed a phantasmal warrior
  8355 | D:11     | Killed a skeletal warrior
  8362 | D:11     | Killed a phantasmal warrior
  8362 | D:11     | Reached XP level 12. HP: 123/123 MP: 15/17
  8393 | D:11     | Reached ****** piety under Okawaru
  8399 | D:11     | Noticed a death knight
  8415 | D:11     | Killed a death knight
  8490 | Lair:1   | Entered Level 1 of the Lair of Beasts
  8527 | Lair:1   | Reached skill level 1 in Armour
  8758 | Lair:1   | Found a gate leading to a gauntlet.
  9358 | Lair:2   | Received a gift from Okawaru
  9621 | Lair:2   | Got a pitted flail
 10107 | Lair:2   | Identified the +7 flail of Valiance {protect, Str+3} (You
                  | found it on level 2 of the Lair of Beasts)
 10186 | Lair:3   | Reached skill level 10 in Fighting
 10297 | Lair:3   | Found a staircase to the Snake Pit.
 10462 | Lair:3   | Received a gift from Okawaru
 10939 | Lair:4   | Found a staircase to the Shoals.
 10956 | Lair:4   | Reached XP level 13. HP: 117/133 MP: 19/19
 11137 | Lair:4   | Received a gift from Okawaru
 11142 | Lair:4   | Got a silken robe {god gift}
 11190 | Lair:4   | Reached skill level 5 in Armour
 11267 | Lair:4   | Reached skill level 10 in Invocations
 11296 | Lair:4   | HP: 3/135 [eight-headed hydra (4)]
 11550 | Lair:4   | Noticed Kirke
 11679 | Lair:3   | Killed Kirke
 11866 | Lair:4   | Noticed Urug
 11990 | Lair:2   | Slain by an eight-headed hydra

Skill      XL: |  1  2  3  4  5  6  7  8  9 10 11 12 13 |
---------------+----------------------------------------+-----
Unarmed Combat | 4 5 7 8 9 11 12 14 | 14.3
Fighting       | 3 4 5 6 7 9 10 | 10.6
Invocations    | 1 3 4 6 8 9 10 | 10.2
Armour         | 4 5 |  5.5
Dodging        | |  2.4
Stealth        | |  1.0

Action                   |  1- 3 |  4- 6 |  7- 9 | 10-12 | 13-15 || total
-------------------------+-------+-------+-------+-------+-------++-------
Melee: Unarmed           |    75 |   134 |   255 |   446 |    26 ||   936
       Punch             |       |     2 |    12 |    63 |     5 ||    82
       Flail             |       |       |       |   152 |   128 ||   280
       Morningstar       |       |       |       |    46 |       ||    46
  Use: Scroll            |       |       |    15 |    10 |     3 ||    28
       Potion            |       |       |       |       |     8 ||     8
 Stab: Sleeping          |     1 |       |     2 |       |       ||     3
  Eat: Chunk             |     1 |     5 |    21 |    37 |     7 ||    71
       Ration            |       |     4 |     3 |     3 |     1 ||    11
Armor: Robe              |    29 |    54 |    56 |     4 |       ||   143
       Pearl dragon scal |       |       |       |   327 |   351 ||   678
Dodge: Dodged            |    42 |    71 |   119 |   320 |   271 ||   823
       Deflected         |       |       |       |     2 |       ||     2
